 Dungeon Crawl Stone Soup version 0.20-a0-1122-gb7cbeb9 (webtiles) character file.

353 MatthieuS the Insei (level 6, -12/46 HPs)
             Began as a Merfolk Transmuter on May 10, 2017.
             Mangled by an ogre
             ... wielding a +0 giant club
              (30 damage)
             ... on level 4 of the Dungeon.
             The game lasted 00:12:35 (4885 turns).

MatthieuS the Insei (Merfolk Transmuter)            Turns: 4885, Time: 00:12:36

Health: -12/46     AC:  2    Str: 10    XL:     6   Next: 62%
Magic:  3/9        EV: 14    Int: 14    God:
Gold:   146        SH:  0    Dex: 15    Spells: 4/10 levels left

rFire    . . .     SeeInvis .     - Unarmed
rCold    . . .     Gourm    .   (no shield)
rNeg     . . .     Faith    .   b - +0 robe
rPois    .         Spirit   .   (no helmet)
rElec    .         Reflect  .   (no cloak)
rCorr    +         Harm     .   (no gloves)
MR       .....                  (no boots)
Stlth    ++........             (no amulet)
Regen    0.2/turn               k - ring of resist corrosion
MPRegen  0.2/turn               (no ring)

@: appendage (expiring)
A: change form in water, swift swim, stealthy swim, horns 2
a: End Transformation


You were on level 4 of the Dungeon.
You were not hungry.
You had grown temporary horns.
You visited 1 branch of the dungeon, and saw 4 of its levels.

You collected 146 gold pieces.

Inventory:

Hand Weapons
 a - a +0 trident
 w - a +0 blowgun
Missiles
 j - 3 arrows
 v - 18 poisoned needles
Armour
 b - a +0 robe (worn)
Jewellery
 e - an uncursed amulet of guardian spirit {unknown}
 k - a ring of resist corrosion (left hand)
Scrolls
 f - a scroll of remove curse {unknown}
 h - a scroll of amnesia
 i - a scroll of fog
 l - a scroll of magic mapping {unknown}
 o - a scroll of teleportation {unknown}
 t - a scroll of immolation {unknown}
 u - a scroll of random uselessness {unknown}
 x - 2 scrolls of recharging {unknown}
Potions
 g - 2 potions of curing
 p - a potion of flight {unknown}
 q - a potion of degeneration {unknown}
 r - 2 potions of lignification
 s - a potion of resistance {unknown}
Books
 c - a book of Changes

   Spells                             Type                      Level
   a - Beastly Appendage              Transmutation                1
   b - Sticks to Snakes               Transmutation                2
   c - Spider Form                    Transmutation/Poison         3
   d - Ice Form                       Ice/Transmutation            4
   e - Blade Hands                    Transmutation                5
Comestibles
 d - 3 bread rations
 m - 2 meat rations


   Skills:
 + Level 2.7 Fighting
 - Level 0.4 Throwing
 + Level 4.1 Dodging
 - Level 1.0 Stealth
 + Level 5.9 Unarmed Combat
 + Level 2.6 Spellcasting
 + Level 3.7 Transmutations


You had 4 spell levels left.
You knew the following spells:

 Your Spells              Type           Power        Failure   Level  Hunger
a - Beastly Appendage     Tmut           ##....       4%          1    #......
b - Sticks to Snakes      Tmut           ##......     7%          2    ###....
c - Spider Form           Tmut/Pois      #.........   30%         3    ###....


Dungeon Overview and Level Annotations

Branches:
Dungeon (4/15)
 Temple: D:4-7

Altars:
Ashenzari
Kikubaaqudgha


Innate Abilities, Weirdness & Mutations

You revert to your normal form in water.
You are very nimble and swift while swimming.
You are very stealthy in the water. (Stealth+)
You have a pair of horns on your head.


Message History

The ogre is heavily wounded.
The ogre hits you with a giant club!!
Ouch! That really hurt!
Your ball python bites the ogre.
You hit the ogre.
The ogre is severely wounded.
Your ball python bites the ogre.
The ogre hits your ball python with a giant club!
Your ball python dies!
You hit the ogre. You headbutt the ogre.
The ogre is almost dead.
The ogre barely misses you.
You hit the ogre but do no damage.
The ogre is almost dead.
You barely miss the ogre.
The ogre is almost dead.
Your transformation is almost over.
The ogre hits you with a giant club!!
Ouch! That really hurt!
You die...

#.........#
#.#######.# #.# # #
#.# #.##########.
#.# #...........
#.# #........# #.#
#....(...# #.#
#....O@..# #.#
########.# #.# #.#
#.# #.# #.# #.# #.#
#.# #.# ######'###
#.#
#........########.#
#.................#


You could see an ogre.

Vanquished Creatures
  The ghost of enarc13 the Ducker, an amateur KoAM (D:3)
  A hound (D:3)
  3 orc wizards
  7 adders
  3 worms
  2 dart slugs
  2 leopard geckos
  4 orcs (D:3)
  4 bats
  4 hobgoblins
  3 jackals (D:2)
  9 kobolds
  A quokka (D:3)
  2 ball pythons (D:1)
  4 frilled lizards
  8 goblins
  8 rats
66 creatures vanquished.

Notes
Turn   | Place    | Note
-------+----------+-------------------------------------------
     0 | D:1      | MatthieuS the Merfolk Transmuter began the quest for the Orb.
     0 | D:1      | Reached XP level 1. HP: 15/15 MP: 3/3
   448 | D:1      | Reached XP level 2. HP: 20/21 MP: 5/5
   744 | D:1      | Reached skill level 4 in Unarmed Combat
   822 | D:1      | Learned a level 2 spell: Sticks to Snakes
   971 | D:1      | You fall through a shaft!
  1121 | D:2      | Reached XP level 3. HP: 16/26 MP: 4/6
  1663 | D:2      | Reached XP level 4. HP: 10/32 MP: 2/7
  2116 | D:2      | Reached skill level 5 in Unarmed Combat
  2784 | D:3      | Found an ancient bone altar of Kikubaaqudgha.
  3252 | D:3      | Found a shattered altar of Ashenzari.
  3404 | D:3      | Noticed enarc13's ghost (amateur KoAM)
  3475 | D:3      | Reached skill level 1 in Stealth
  3475 | D:3      | Reached XP level 5. HP: 3/38 MP: 5/8
  3785 | D:3      | Learned a level 3 spell: Spider Form
  4321 | D:3      | Killed enarc13's ghost
  4321 | D:3      | Reached XP level 6. HP: 29/46 MP: 3/9
  4808 | D:4      | Noticed a slave
  4885 | D:4      | Mangled by an ogre

Vault maps used:
D:1:      onia_arrival_pyramid
D:3:      nicolae_ashenzari_panopticon, overflow_temple_1_default
D:4:      serial_shops, nicolae_shop_crystal, hex_tiny, uniq_ijyb, uniq_pikel

Skill      XL: |  1  2  3  4  5 |
---------------+----------------+-----
Unarmed Combat | 4 5 |  5.9
Dodging        | 3 4 |  4.1
Transmutations | 3 |  3.7
Stealth        | 1 |  1.0
Fighting       | 2 |  2.7
Throwing       | |  0.4
Spellcasting   | |  2.6

Action                   |  1- 3 |  4- 6 || total
-------------------------+-------+-------++-------
Melee: Unarmed           |    99 |   177 ||   276
       Headbutt          |     4 |    11 ||    15
       Punch             |     2 |     2 ||     4
 Fire: Blowgun           |       |    12 ||    12
 Cast: Beastly Appendage |     3 |     9 ||    12
       Sticks to Snakes  |     2 |     7 ||     9
       Spider Form       |       |     1 ||     1
  Use: Scroll            |       |     4 ||     4
       Potion            |       |     2 ||     2
 Stab: Sleeping          |     1 |     2 ||     3
  Eat: Chunk             |     2 |     7 ||     9
       Meat ration       |       |     1 ||     1
Armor: Robe              |    14 |    22 ||    36
Dodge: Dodged            |    55 |   124 ||   179
